 Dungeon Crawl Stone Soup version 0.23-a0-389-g4a5eb334b0 (webtiles) character file.

213 Notair the Cudgeler (level 5, -5/46 HPs)
             Began as a Minotaur Gladiator on Oct 30, 2018.
             Slain by a wyvern (10 damage)
             ... on level 3 of the Dungeon.
             The game lasted 00:05:14 (2794 turns).

Notair the Cudgeler (Minotaur Gladiator)            Turns: 2794, Time: 00:05:15

Health: -5/46      AC: 13    Str: 19    XL:     5   Next: 59%
Magic:  4/4        EV:  6    Int:  9    God:
Gold:   222        SH:  0    Dex: 11    Spells: 4/4 levels left

rFire    . . .     SeeInvis .   a - +0 flail
rCold    . . .     Gourm    .   (no shield)
rNeg     . . .     Faith    .   o - +0 plate armour
rPois    .         Spirit   .   c - +0 hat
rElec    .         Reflect  .   y - +0 cloak {+Inv}
rCorr    .         Harm     .   x - +0 pair of gloves
MR       .....                  (no boots)
Stlth    ..........             (no amulet)
HPRegen  0.15/turn              p - ring of stealth
MPRegen  0.09/turn              k - +3 ring of intelligence

@: very slightly contaminated
A: retaliatory headbutt, horns 2
a: Evoke Invisibility


You were on level 3 of the Dungeon.
You were very hungry.

You visited 1 branch of the dungeon, and saw 3 of its levels.

You collected 222 gold pieces.

Inventory:

Hand Weapons
 a - a +0 flail (weapon)
Missiles
 d - 3 throwing nets (quivered)
Armour
 c - a +0 hat (worn)
 o - a +0 plate armour (worn)
 x - a +0 pair of gloves (worn)
 y - a +0 cloak of invisibility (worn)
Jewellery
 b - an uncursed ring of fire
 k - a +3 ring of intelligence (right hand)
 p - a ring of stealth (left hand)
Scrolls
 e - a scroll of immolation {unknown}
 i - a scroll of teleportation
 m - a scroll of enchant armour {unknown}
 q - a scroll of enchant weapon {unknown}
 r - a scroll of remove curse
 s - a scroll of fog {unknown}
 t - a scroll of blinking {unknown}
 u - a scroll of random uselessness {unknown}
Potions
 g - a potion of haste {unknown}
 h - 2 potions of heal wounds
 l - 2 potions of flight
 n - a potion of berserk rage {unknown}
 v - 2 potions of curing {unknown}
 w - a potion of might {unknown}
Comestibles
 f - 6 rations


   Skills:
 + Level 4.1 Fighting
 * Level 6.0 Maces & Flails
 - Level 2.0 Throwing
 + Level 3.0 Armour
 - Level 3.2 Dodging


You had 4 spell levels left.
You didn't know any spells.
Your spell library was empty.

Dungeon Overview and Level Annotations

Branches:
Dungeon (3/15)

Altars:

Annotations:
D:3 SnubMonkey's ghost, amateur GnTm


Innate Abilities, Weirdness & Mutations

You reflexively headbutt those who attack you in melee.
You have a pair of horns on your head.


Message History

* * * LOW HITPOINT WARNING * * *
The rat barely misses you.
SnubMonkey's ghost hits you but does no damage.
The wyvern bites you.
* * * LOW HITPOINT WARNING * * *
You see here a bat corpse.
The wyvern barely misses you.
You flicker back into view.
The wyvern barely misses you. You furiously retaliate!
You headbutt the wyvern.
The wyvern bites you but does no damage.
The wyvern bites you but does no damage.
The wyvern bites you but does no damage.
The wyvern bites you but does no damage.
The wyvern barely misses you. The wyvern bites you.
* * * LOW HITPOINT WARNING * * *
The wyvern barely misses you.
SnubMonkey's ghost screams, "I'll kill anyone who wants the ORB!"
The wyvern bites you!
You die...

#.##.##.#..# #).# #.#.##
#.......#..# #..# #.#...
#.......#..###########..#
#.###.
#########....rW.........#
#.# #.
..........#######r.....##
#.# #. ###.#######
#W###### #.# #. # #.# #.#
#.# #. ###.#
#######l###### #.# #.
.##.### #.....@......#
#.# #. ......#
#.###.#.####.#####.####
.##.#.#
#.##.###...............
..#.#.#
#.###<#.####.#####.####
....#.# #[# ##..# #.#
#..... ......## #.#
#.<####.# ###### ..[....#
#.# #....##.## #...
.....#.# #.# ##...)...#
#.## ....##.# #.#
###.##.># #.#


You could see a wyvern, SnubMonkey's ghost and a rat.

Vanquished Creatures
  An orc priest (D:3)
  Crazy Yiuf (D:3)
  Terence (D:3)
  4 gnolls (D:3)
  2 adders
  A worm (D:2)
  3 dart slugs
  3 leopard geckos
  5 orcs (D:3)
  A ball python (D:3)
  10 bats
  2 giant cockroaches (D:2)
  5 goblins
  4 hobgoblins
  2 quokkas (D:3)
  3 frilled lizards
  4 kobolds
  8 rats
  2 fungi (D:3)
62 creatures vanquished.

Notes
Turn   | Place    | Note
-------+----------+-------------------------------------------
     0 | D:1      | Notair the Minotaur Gladiator began the quest for the Orb.
     0 | D:1      | Reached XP level 1. HP: 18/18 MP: 0/0
    21 | D:1      | Reached skill level 4 in Maces & Flails
    53 | D:1      | Reached XP level 2. HP: 23/25 MP: 1/1
   234 | D:1      | Reached skill level 1 in Armour
   742 | D:2      | Reached XP level 3. HP: 31/31 MP: 2/2
  1448 | D:3      | Noticed Terence
  1459 | D:3      | Killed Terence
  1459 | D:3      | Reached skill level 5 in Maces & Flails
  1459 | D:3      | Reached XP level 4. HP: 36/38 MP: 3/3
  1572 | D:3      | Found a runed gate.
  1573 | D:3      | Found a runed gate.
  1574 | D:3      | Found a runed gate.
  1577 | D:3      | Noticed a wyvern
  1577 | D:3      | Noticed SnubMonkey's ghost (amateur GnTm)
  1696 | D:3      | Reached XP level 5. HP: 14/46 MP: 4/4
  2355 | D:3      | Found a runed door.
  2547 | D:3      | Noticed Crazy Yiuf
  2551 | D:3      | Killed Crazy Yiuf
  2551 | D:3      | Reached skill level 6 in Maces & Flails
  2794 | D:3      | Slain by a wyvern

Vault maps used:
D:1:      lightli_arrival_maybe_door_vault
D:2:      grunt_ministairs_5, minmay_misc_feat_diagonals
D:3:      gammafunk_ghost_split, uniq_crazy_yiuf_cottage, uniq_terence

Skill      XL: |  1  2  3  4  5 |
---------------+----------------+-----
Maces & Flails | 4 5 6 |  6.0
Armour         | 1 2 3 |  3.0
Fighting       | 3 4 |  4.1
Throwing       | |  2.0
Dodging        | |  3.2

Action                   |  1- 3 |  4- 6 || total
-------------------------+-------+-------++-------
Melee: Flail             |    78 |   113 ||   191
       Headbutt          |    11 |    20 ||    31
 Abil: Evoke Invisibilit |       |     1 ||     1
  Use: Scroll            |       |     4 ||     4
 Stab: Sleeping          |     1 |       ||     1
  Eat: Chunk             |     1 |     4 ||     5
Armor: Leather armour    |    16 |       ||    16
       Plate armour      |    13 |    94 ||   107
Dodge: Dodged            |    41 |    47 ||    88

Table legend:
 A = Non-vault XP
 B = Vault XP
 C = Vault XP percentage of total XP
 D = Non-vault monster count
 E = Vault monster count
 F = Vault count percentage of total count
                 A         B        C        D         E       F
            +---------+---------+-------+---------+---------+-------
      Total |     216 |      89 |  29.2 |      53 |       7 |  11.7
            +---------+---------+-------+---------+---------+-------
        D:1 |      34 |       0 |   0.0 |      20 |       0 |   0.0
        D:2 |      37 |       4 |   9.8 |      11 |       2 |  15.4
        D:3 |     145 |      85 |  37.0 |      22 |       5 |  18.5
            +---------+---------+-------+---------+---------+-------
